 Dungeon Crawl Stone Soup version 0.26.0-16-gc1dbca0489 (webtiles) character file.

Game seed: 10439292279886316127

21 kaeus the Sneak (level 2, -4/15 HPs)
             Began as a Vampire Enchanter on Jan 21, 2021.
             Slain by a leopard gecko (5 damage)
             ... on level 1 of the Dungeon.
             The game lasted 00:02:46 (1096 turns).

kaeus the Sneak (Vampire Enchanter)                 Turns: 1096, Time: 00:02:47

Health: -4/15      AC:  3    Str:  7    XL:     2   Next: 62%
Magic:  5/5        EV: 12    Int: 17    God:
Gold:   40         SH:  0    Dex: 14    Spells: 4/5 levels left

rFire    . . .     SeeInvis +   a - +1 dagger
rCold    + + .     Faith    .   (no shield)
rNeg     + + +     Spirit   .   j - +0 leather armour
rPois    ∞         Reflect  .   (no helmet)
rElec    .         Harm     .   (no cloak)
rCorr    .         Rampage  .   (no gloves)
Will     .....                  (no boots)
Stlth    +++++.....             e - amulet of magic regeneration
HPRegen  0.00/turn              (no ring)
MPRegen  0.34/turn              (no ring)

@: bloodless
A: fangs 3, see invisible, unbreathing
a: Revivify


You were on level 1 of the Dungeon.
You visited 1 branch of the dungeon, and saw 2 of its levels.

You collected 40 gold pieces.

Inventory:

Hand Weapons
 a - a +1 dagger (weapon)
Armour
 b - a +0 robe
 j - a +0 leather armour (worn)
Jewellery
 e - an amulet of magic regeneration (around neck)
Scrolls
 d - 2 scrolls of identify {unknown}
 g - 2 scrolls of remove curse {unknown}
Potions
 c - a potion of attraction {unknown}
 f - a potion of heal wounds {unknown}
 h - a potion of berserk rage {unknown}
 i - a potion of curing {unknown}
 k - a potion of flight {unknown}


   Skills:
 + Level 1.5 Short Blades
 + Level 2.5 Dodging
 + Level 4.8 Stealth
 + Level 2.2 Spellcasting
 + Level 4.7 Hexes


You had 4 spell levels left.
You knew the following spells:

 Your Spells              Type           Power        Failure   Level
a - Corona                Hex            20%          4%          1

Your spell library contained the following spells:

 Spells                   Type           Power        Failure   Level
 Confusing Touch          Hex            18%          12%         3
 Tukima's Dance           Hex            18%          12%         3
 Ensorcelled Hibernation  Hex/Ice        18%          16%         2
 Dazzling Flash           Conj/Hex       18%          32%         3


Dungeon Overview and Level Annotations

Branches:
Dungeon (2/15)

Altars:


Innate Abilities, Weirdness & Mutations

You do not regenerate when monsters are visible.
You are frail without blood (-20% HP).
You can heal yourself when you bite living creatures.
You are immune to poison.
You have razor-sharp teeth.
You have supernaturally acute eyesight. (SInv)
You can survive without breathing.


Message History

The leopard gecko stops glowing.
The kobold hits you. The leopard gecko bites you.
* * * LOW HITPOINT WARNING * * *
You are too injured to fight recklessly!
You are too injured to fight recklessly!
You are too injured to fight recklessly!
You are too injured to fight recklessly!
There are monsters nearby!
You see here a bat corpse.
The leopard gecko bites you.
* * * LOW HITPOINT WARNING * * *
The leopard gecko bites you but does no damage.
The leopard gecko bites you.
* * * LOW HITPOINT WARNING * * *
The kobold throws a stone.
The stone barely misses you.
You see here a stone.
The leopard gecko closely misses you. The leopard gecko closely misses you.
The leopard gecko bites you.
You die...

........#..........##..#.##.#
.....#..#..###.....##..#..#.#
###....(.K.........##..##.#.#
....##..##.##.#######..>....#
######..##.##K# #...)...#
##.###.....##.# ######.###
....##.(#####.# ##......#
##.###..###...#####...#####
#.#........#..l@...#.#
#.#.#.#.##...#####...#
##.#.#.......## #####
.......#.##### ##.#.#.#.#
##.#.#.#.# ##.#.....#
...###.### #### #.#


You could see a leopard gecko.

Vanquished Creatures
  A dart slug (D:1)
  2 giant cockroaches (D:1)
  2 hobgoblins
  3 jackals
  4 bats (D:1)
  3 frilled lizards
  3 kobolds (D:1)
  A rat (D:2)
19 creatures vanquished.

Notes
Turn   | Place    | Note
-------+----------+-------------------------------------------
     0 | D:1      | kaeus the Vampire Enchanter began the quest for the Orb.
     0 | D:1      | Reached XP level 1. HP: 13/13 MP: 3/3
   108 | D:1      | You fall into a shaft and drop 1 floor!
   208 | D:1      | Reached XP level 2. HP: 9/19 MP: 5/5
  1096 | D:1      | Slain by a leopard gecko

Illustrated notes

Levels and vault maps discovered:
D:1:      minmay_arrival_jagged, layout_loops_cross
D:2:      layout_loops_corners, grunt_decor_resistance

Action                   || total
-------------------------++-------
Melee: Dagger            ||    81
       Bite              ||     5
 Cast: Corona            ||    12
 Abil: Exsanguinate      ||     1
 Stab: Sleeping          ||     5
Armor: Robe              ||    16
       Leather armour    ||     2
Dodge: Dodged            ||    87
